 Dungeon Crawl Stone Soup version 0.31.0-32-g396128a36d (webtiles) character file.

Game seed: 9441006195469559779

216 hawla the Covered (level 5, -1/46 HPs)
             Began as a Minotaur Fighter on Mar 24, 2024.
             Slain by a gnoll sergeant
             ... wielding a +0 trident
              (12 damage)
             ... on level 4 of the Dungeon.
             The game lasted 00:04:18 (1724 turns).

hawla the Covered (Minotaur Fighter)                Turns: 1724, Time: 00:04:18

Health: -1/46      AC: 12    Str: 21    XL:     5   Next: 61%
Magic:  4/4        EV:  7    Int:  5    God:
Gold:   104        SH:  0    Dex: 11    Spells: 4/4 levels left

rFire   . . .        b - +2 dagger (venom)
rCold   . . .        c - +0 buckler
rNeg    . . .        q - +0 plate armour
rPois   .            (helmet restricted)
rElec   .            (no cloak)
rCorr   .            (no gloves)
SInv    .            (no boots)
Will    .....        (no amulet) Stlth
                     (no ring)
HPRegen 0.27/turn    (no ring)
MPRegen 0.09/turn

%: no passive effects
@: confused, ambrosia-drunk
A: horns 2, retaliatory headbutt
a: no special abilities


You were on level 4 of the Dungeon.
You visited 1 branch of the dungeon, and saw 5 of its levels.

You collected 104 gold pieces.

Inventory:

Hand Weapons
 a - a +0 long sword
 b - a +2 dagger of venom (weapon)
Armour
 c - a +0 buckler (worn)
 q - a +0 plate armour (worn)
Scrolls
 f - a scroll of torment
 h - 4 scrolls of teleportation
 m - a scroll of vulnerability {unknown}
 o - a scroll of enchant weapon {unknown}
 p - a scroll of fog {unknown}
Potions
 d - a potion of might
 g - 2 potions of curing {unknown}
 i - a potion of berserk rage {unknown}
 j - a potion of mutation {unknown}
 k - 2 potions of haste {unknown}
 l - a potion of heal wounds {unknown}


   Skills:
 - Level 4.0 Fighting
 - Level 2.4 Long Blades
 + Level 5.6 Armour
 - Level 3.0 Dodging
 - Level 5.0 Shields


You had 4 spell levels left.
You didn't know any spells.
Your spell library was empty.

Dungeon Overview and Level Annotations

Branches:
Dungeon (5/15)
 Temple: D:4-7

Altars:

Annotations:
D:3 Grinder


Innate Abilities, Weirdness & Mutations

You have a pair of horns on your head.
You reflexively headbutt those who attack you in melee.


Message History

You see here a ball python corpse.
Found a scroll of fear.
The gnoll sergeant shouts!
You hear a shout!
The gnoll barely misses you.
You hit the gnoll.
The gnoll is poisoned.
You headbutt the gnoll!
You kill the gnoll!
A gnoll comes into view. It is wielding a +0 club.
You hit the iguana.
The iguana is poisoned.
The iguana is lightly wounded.
The iguana bites you!
You hit the iguana but do no damage. You headbutt the iguana.
The iguana is heavily wounded.
The iguana bites you.
You hit the iguana.
The iguana looks as sick as possible!
The iguana is heavily wounded.
The iguana bites you.
A gnoll comes into view. It is wielding a +0 flail.
The gnoll shouts!
You hit the iguana.
The iguana looks as sick as possible!
The iguana is almost dead.
The gnoll sergeant hits you but does no damage.
The iguana bites you but does no damage.
You hit the iguana but do no damage.
The iguana looks as sick as possible!
You headbutt the iguana.
You kill the iguana!
The gnoll sergeant hits you from afar with a +0 trident.
Unknown command.
The gnoll sergeant barely misses you. You furiously retaliate!
You headbutt the gnoll sergeant!
Things that are here:
a +0 halberd; an iguana corpse; a gnoll corpse You hit the gnoll sergeant but do no damage.
The gnoll sergeant is poisoned.
The gnoll sergeant is moderately wounded.
The gnoll sergeant hits you with a +0 trident!
* * * LOW HITPOINT WARNING * * *
You are confused.
You feel invigorated.
The gnoll sergeant hits you with a +0 trident!
You die...

#.#
?..
#.#
#g#
#g#
#g#
#g#
#@#
#.#
#†#
#.#
#.#
#.#
#.#
#.#
#.#


You could see a gnoll sergeant (very poisoned) and 3 gnolls.

Vanquished Creatures
  An iguana (D:4)
  Natasha (D:4)
  An orc wizard (D:4)
  5 adders
  A gnoll (D:4)
  2 dart slugs
  2 ribbon worms
  5 orcs
  7 ball pythons
  11 bats
  6 endoplasms
  A giant cockroach (D:3)
  6 hobgoblins
  5 jackals (D:2)
  5 quokkas
  3 frilled lizards
  4 goblins
  4 kobolds
  6 rats
76 creatures vanquished.

Notes
Turn   | Place    | Note
-------+----------+-------------------------------------------
     0 | D:1      | hawla the Minotaur Fighter began the quest for the Orb.
     0 | D:1      | Reached XP level 1. HP: 19/19 MP: 0/0
    48 | D:1      | Reached skill level 1 in Dodging
   131 | D:1      | Reached XP level 2. HP: 26/26 MP: 1/1
   200 | D:1      | Found a faded altar of an unknown god.
   552 | D:1      | Reached XP level 3. HP: 31/31 MP: 2/2
   787 | D:2      | Reached XP level 4. HP: 37/39 MP: 3/3
   945 | D:2      | Reached skill level 5 in Shields
  1357 | D:3      | Noticed Grinder
  1363 | D:3      | You fall into a shaft and drop 2 floors!
  1363 | D:5      | Entered Level 5 of the Dungeon
  1477 | D:4      | Noticed Natasha
  1486 | D:4      | Killed Natasha
  1487 | D:4      | Reached XP level 5. HP: 25/46 MP: 4/4
  1495 | D:4      | Reached skill level 5 in Armour
  1564 | D:3      | Paralysed by Grinder for 2 turns
  1577 | D:3      | Paralysed by Grinder for 4 turns
  1724 | D:4      | Slain by a gnoll sergeant

Illustrated notes

Levels and vault maps discovered:
D:1:      heliophobic_arrival_dark_side_of_the_moon, layout_basic,
          shapermc_ecumenical_altar_pompeii
D:2:      minmay_chambers_of_twos, layout_basic
D:3:      minmay_octagon_keep, layout_rooms, serial_shops, shop, serial_glass,
          glass_columns_a, glass_columns_a, minmay_goblin_outpost, uniq_grinder
D:4:      layout_basic, temple_hall_moat, nicolae_shop_gadgets, uniq_natasha
D:5:      layout_loops_corners, lemuel_zombie_altar_kikubaaqudgha,
          chequers_jeans, nicolae_shop_firing_range

Skill      XL: |  1  2  3  4  5 |
---------------+----------------+-----
Dodging        | 1 3 |  3.0
Shields        | 4 5 |  5.0
Fighting       | 4 |  4.0
Armour         | 4 5 |  5.6
Long Blades    | |  2.4

Action                     |  1- 3 |  4- 6 || total
---------------------------+-------+-------++-------
  Melee: Long sword        |    98 |    45 ||   143
         Headbutt          |    11 |    19 ||    30
         Dagger            |       |    52 ||    52
    Use: Scroll            |     4 |     1 ||     5
         Potion            |       |     1 ||     1
 Armour: Scale mail        |    88 |    29 ||   117
         Plate armour      |       |    58 ||    58
  Dodge: Dodged            |    63 |    21 ||    84
  Block: Buckler           |    31 |    13 ||    44
